 Dungeon Crawl Stone Soup version 0.29.0-4-gdea44cf6ec (webtiles) character file.

Game seed: 2914432329965638011

40 qw the Chopper (level 3, 0/21 HPs)
             Began as a Tengu Warper on Aug 29, 2022.
             Succumbed to an adder's poison
             ... on level 2 of the Dungeon.
             The game lasted 00:00:29 (1234 turns).

qw the Chopper (Tengu Warper)                       Turns: 1234, Time: 00:00:29

Health: 0/21       AC:  6    Str: 13    XL:     3   Next: 50%
Magic:  7/7        EV:  9    Int: 13    God:
Gold:   47         SH:  0    Dex: 13    Spells: 6/6 levels left

rFire   . . .      SeeInvis .   Y - +0 hand axe
rCold   . . .      Faith    .   (no shield)
rNeg    . . .      Spirit   .   d - +0 scale mail
rPois   .          Reflect  .   (helmet restricted)
rElec   .          Harm     .   (no cloak)
rCorr   .          Rampage  .   (no gloves)
Will    .....                   (boots unavailable)
Stlth   ..........              (no amulet)
HPRegen 0.07/turn               (no ring)
MPRegen 0.10/turn               (no ring)

@: lethally poisoned (0 -> -4)
A: beak, talons 3
a: no special abilities


You were on level 2 of the Dungeon.
You visited 1 branch of the dungeon, and saw 2 of its levels.

You collected 47 gold pieces.


Innate Abilities, Weirdness & Mutations

You have a beak for a mouth.
You have claws for feet.


   Skills:
 - Level 2.0 Fighting
 + Level 4.2 Axes
 - Level 1.0 Throwing
 - Level 1.1 Armour
 - Level 2.1 Dodging
 - Level 2.0 Spellcasting
 - Level 2.4 Translocations


You had 6 spell levels left.
You didn't know any spells.
Your spell library contained the following spells:

 Spells                   Type           Power      Damage    Failure   Level
 Blink                    Tloc           14%        N/A       56%         2
 Gell's Gravitas          Tloc           7%         N/A       80%         3
 Lesser Beckoning         Tloc           7%         N/A       80%         3
 Teleport Other           Tloc           7%         N/A       80%         3
 Manifold Assault         Tloc           7%         N/A       100%        5

Inventory:

Hand Weapons
 g - a +0 club
 Y - a +0 hand axe (weapon)
Armour
 d - a +0 scale mail (worn)
Scrolls
 a - 2 scrolls of identify
 b - a scroll of fear {unknown}
 e - a scroll of enchant armour {unknown}
Potions
 c - a potion of heal wounds {unknown}

Dungeon Overview and Level Annotations

Branches:
Dungeon (2/15)

Altars:
Fedhas


Message History

The adder poisons you!
You closely miss the adder. Your peck misses the adder.
The adder is moderately wounded.
You feel sick. The adder bites you but does no damage.
The adder closely misses you.
You miss the adder. Your kick misses the adder.
The adder is moderately wounded.
You feel sick. The adder closely misses you.
You barely miss the adder.
The adder is moderately wounded.
You feel sick. The adder bites you but does no damage.
You barely miss the adder.
The adder is moderately wounded.
You feel sick.
You are no longer poisoned.
The adder barely misses you. The adder bites you but does no damage.
You barely miss the adder. Your kick misses the adder.
The adder is moderately wounded.
The adder bites you.
You are poisoned.
The adder poisons you!
You miss the adder. You claw the adder, but do no damage.
The adder is moderately wounded.
You feel sick. The adder bites you. x2
You are lethally poisoned!
The adder poisons you!
You miss the adder.
The adder is moderately wounded.
You feel very sick. The adder bites you but does no damage.
You closely miss the adder.
The adder is moderately wounded.
You feel sick. The adder closely misses you.
The adder bites you but does no damage.
You hit the adder. You claw the adder.
The adder is severely wounded.
You feel sick. The adder misses you.
You hit the adder. You claw the adder.
You kill the adder!
You die...

>.##.....#... #
...#................#
....................#
.$..................####
......................#.
........................
..#...$...............##
#...............%.......
.##...@..........#####.
.................## ..
####.#.##.######## ..# #
#....# .# ##.... #.
...#### ####


There were no monsters in sight!

Vanquished Creatures
  2 adders (D:2)
  5 endoplasms
  2 giant cockroaches
  6 goblins
  3 hobgoblins (D:2)
  A kobold (D:1)
  A quokka (D:2)
  3 ball pythons
  3 bats
  A frilled lizard (D:2)
  A rat (D:1)
28 creatures vanquished.

Vanquished Creatures (others)
  2 demonic plants (D:1)
  A fungus (D:1)
3 creatures vanquished.

Grand Total: 31 creatures vanquished

Notes
Turn   | Place    | Note
-------+----------+-------------------------------------------
     0 | D:1      | qw the Tengu Warper began the quest for the Orb.
     0 | D:1      | Reached XP level 1. HP: 12/12 MP: 4/4
     0 | D:1      | 0 ||| qw: Version: 0.1-a-89-g26bdef1
     0 | D:1      | 0 ||| qw: Game counter: 3577
     0 | D:1      | 0 ||| qw: Always use a shield: true
     0 | D:1      | 0 ||| qw: God list: Okawaru
     0 | D:1      | 0 ||| qw: Allow faded altars: false
     0 | D:1      | 0 ||| qw: Do Orc after D:15 true
     0 | D:1      | 0 ||| qw: Do second Lair branch before Depths: true
     0 | D:1      | 0 ||| qw: Lair rune preference: random
     0 | D:1      | 0 ||| qw: Plans: Normal
     0 | D:1      | 0 ||| PLANNING D:1-11
   249 | D:1      | Reached XP level 2. HP: 17/17 MP: 6/6
   249 | D:1      | Found a faded altar of an unknown god.
   262 | D:1      | Reached skill level 3 in Axes
   667 | D:1      | 667 ||| UPGRADING to +0 scale mail.
   677 | D:1      | 677 ||| DROPPING +0 leather armour.
   678 | D:1      | 678 ||| DROPPING +0 ring mail.
   679 | D:1      | 679 ||| READING 4 scrolls labelled HAESHU SOMEYP.
   680 | D:1      | 680 ||| READING scroll labelled DAKUSEPOURR.
   781 | D:1      | 781 ||| READING scroll labelled FETASH QIRIE.
   782 | D:1      | 782 ||| READING 3 scrolls of identify.
   782 | D:1      | 782 ||| IDENTIFYING purple potion
   783 | D:1      | 783 ||| DROPPING scroll of blinking.
   784 | D:1      | 784 ||| DROPPING potion of lignification.
   820 | D:2      | Found a blossoming altar of Fedhas.
   823 | D:2      | 823 ||| STAIRDANCE
   827 | D:2      | 827 ||| STAIRDANCE
   920 | D:2      | 920 ||| Stepping ~*~*~tactically~*~*~ (hiding).
   941 | D:2      | Reached XP level 3. HP: 21/21 MP: 7/7
   954 | D:2      | 954 ||| Stepping ~*~*~tactically~*~*~ (stealth).
  1021 | D:2      | Reached skill level 4 in Axes
  1231 | D:2      | HP: 4/21 [poisoned by an adder]
  1233 | D:2      | HP: 1/21 [poisoned by an adder]
  1234 | D:2      | Succumbed to an adder's poison

Levels and vault maps discovered:
D:1:      elethiomel_arrival_infinity_welcomes_careful_drivers, layout_rooms,
          shapermc_ecumenical_altar_gd
D:2:      minmay_chambers_of_ones, layout_rooms, basic_altar, uniq_natasha,
          uniq_robin

Skill      XL: |  1  2  3 |
---------------+----------+-----
Axes           | 3 4 |  4.2
Fighting       | |  2.0
Throwing       | |  1.0
Armour         | |  1.1
Dodging        | |  2.1
Spellcasting   | |  2.0
Translocations | |  2.4

Action                   || total
-------------------------++-------
Melee: Hand axe          ||    61
       Kick              ||    13
       Peck              ||     6
Throw: Boomerang         ||     7
  Use: Scroll            ||     4
Armor: Scale mail        ||    18
       Leather armour    ||     5
Dodge: Dodged            ||    27

Table legend:
 A = Non-vault XP
 B = Vault XP
 C = Vault XP percentage of total XP
 D = Non-vault monster count
 E = Vault monster count
 F = Vault count percentage of total count
                 A         B        C        D         E       F
            +---------+---------+-------+---------+---------+-------
      Total |      58 |      14 |  19.4 |      21 |       7 |  25.0
            +---------+---------+-------+---------+---------+-------
        D:1 |      19 |       0 |   0.0 |      12 |       0 |   0.0
        D:2 |      39 |      14 |  26.4 |       9 |       7 |  43.8
            +---------+---------+-------+---------+---------+-------
